 Dungeon Crawl Stone Soup version 0.26-b1-32-g5d43845318 (webtiles) character file.

Game seed: 17531606989814564912

370 Borgoz the Skirmisher (level 6, -1/52 HPs)
             Began as a Ghoul Gladiator on Jan 13, 2021.
             Killed from afar by Dowan (2 damage)
             ... with a puff of frost
             ... on level 4 of the Dungeon.
             The game lasted 00:03:57 (3466 turns).

Borgoz the Skirmisher (Ghoul Gladiator)             Turns: 3466, Time: 00:03:57

Health: -1/52      AC: 11    Str: 19    XL:     6   Next: 70%
Magic:  5/5        EV: 11    Int:  3    God:
Gold:   214        SH:  0    Dex: 11    Spells: 5/5 levels left

rFire    . . .     SeeInvis .   e - +2 flail (protect)
rCold    + . .     Faith    .   (no shield)
rNeg     + + +     Spirit   .   a - +0 scale mail
rPois    ∞         Reflect  .   c - +0 helmet
rElec    .         Harm     .   (no cloak)
rCorr    .         Rampage  .   (no gloves)
Will     .....                  (no boots)
Stlth    ..........             (no amulet)
HPRegen  0.00/turn              p - +4 ring of protection
MPRegen  0.09/turn              (no ring)

@: mighty, attractive
A: claws 1, cold resistance 1, negative energy resistance 3, inhibited
regeneration, torment resistance, unbreathing
a: no special abilities


You were on level 4 of the Dungeon.
You visited 1 branch of the dungeon, and saw 4 of its levels.

You collected 214 gold pieces.

Inventory:

Hand Weapons
 e - a +2 flail of protection (weapon)
Missiles
 d - 3 throwing nets (quivered)
Armour
 a - a +0 scale mail (worn)
 c - a +0 helmet (worn)
 u - the +2 leather armour "Jovag" {+Inv rN++ rCorr Dex-3 Stlth-}
   (You found it on level 4 of the Dungeon)

   It affects your dexterity (-3).
   It greatly protects you from negative energy.
   It lets you turn invisible.
   It provides partial protection from all sources of acid and corrosion.
   It makes you less stealthy.
Jewellery
 p - a +4 ring of protection (left claw)
Wands
 s - a wand of flame (12)
Scrolls
 b - a scroll of identify
 f - 3 scrolls of remove curse
 h - a scroll of fog {unknown}
 l - 2 scrolls of teleportation {unknown}
 m - a scroll of amnesia {unknown}
 q - a scroll of fear {unknown}
 r - 2 scrolls of enchant armour {unknown}
Potions
 g - a potion of brilliance
 i - a potion of flight
 k - a potion of attraction
 o - 2 potions of magic


   Skills:
 * Level 4.1 Fighting
 * Level 4.0 Maces & Flails
 - Level 1.7 Throwing
 * Level 2.7 Armour
 * Level 4.0 Dodging


You had 5 spell levels left.
You didn't know any spells.
Your spell library contained the following spells:

 Spells                   Type           Power        Failure   Level
 Animate Skeleton         Necr           0%           88%         1
 Apportation              Tloc           0%           88%         1
 Corona                   Hex            0%           88%         1
 Summon Small Mammal      Summ           0%           88%         1


Dungeon Overview and Level Annotations

Branches:
Dungeon (4/15)
 Temple: D:4-7

Altars:
Dithmenos
Wu Jian
The Shining One

Annotations:
D:4 Dowan, Duvessa


Innate Abilities, Weirdness & Mutations

You thrive by killing the living.
You are immune to poison.
You have sharp fingernails.
Your flesh is cold resistant. (rC+)
You are immune to negative energy. (rN+++)
You do not regenerate when monsters are visible.
You are immune to unholy pain and torment.
You can survive without breathing.


Message History

Duvessa hits you but does no damage.
The orc wizard hits you but does no damage.
Duvessa hits you with a +0 rapier.
* * * LOW HITPOINT WARNING * * *
Dowan hits you but does no damage.
You miss Dowan.
You feel less confused.
Duvessa is no longer moving quickly.
Duvessa hits you but does no damage. The orc wizard casts a spell at you.
The magic dart hits you!
* * * LOW HITPOINT WARNING * * *
Dowan hits you with a +0 club.
* * * LOW HITPOINT WARNING * * *
Duvessa hits you with a +0 rapier.
* * * LOW HITPOINT WARNING * * *
Okay, then.
Okay, then.
Dowan gestures at you while chanting. The puff of frost hits you. You resist.
You die...

# ## ##.... #. ###.##
#..##. ...#....# ### #..##.
........###.## #####..###
.........#...## #......##.
.........<....####.........
..#...#...##./(#...........
.......##[.#.....).#.......
.....$....@..........).....
.......#..oe....###....#...
......###eg##..## ##...####
(.#... ##B##...# #....###
#.## #.([..### ###....#
#..†...## ##....
......##..'..' #....
......# ...##.# #.#..
...... ...# # #.....


You could see Duvessa, Dowan, a worker ant, an orc wizard and a hobgoblin.

Vanquished Creatures
  Edmund (D:4)
  A howler monkey (D:4)
  An orc wizard (D:4)
  2 worker ants (D:4)
  Terence (D:3)
  4 adders
  2 oozes
  2 dart slugs (D:2)
  A leopard gecko (D:3)
  7 orcs
  2 giant cockroaches
  9 hobgoblins
  6 jackals (D:2)
  A quokka (D:3)
  4 bats (D:1)
  7 frilled lizards
  9 goblins
  7 kobolds
  7 rats
74 creatures vanquished.

Notes
Turn   | Place    | Note
-------+----------+-------------------------------------------
     0 | D:1      | Borgoz the Ghoul Gladiator began the quest for the Orb.
     0 | D:1      | Reached XP level 1. HP: 17/17 MP: 0/0
   245 | D:1      | Reached XP level 2. HP: 25/25 MP: 1/1
   952 | D:1      | Reached skill level 1 in Armour
   952 | D:1      | Reached XP level 3. HP: 25/30 MP: 2/2
  1230 | D:2      | Found an ornate altar of the Wu Jian Council.
  1567 | D:2      | Found a faded altar of an unknown god.
  1595 | D:2      | Reached XP level 4. HP: 20/37 MP: 3/3
  2498 | D:3      | Noticed Terence
  2506 | D:3      | Killed Terence
  2507 | D:3      | Reached XP level 5. HP: 39/45 MP: 4/4
  2588 | D:3      | Found a glowing golden altar of the Shining One.
  2980 | D:4      | Got a shimmering leather armour
  2991 | D:4      | Identified the +2 leather armour "Jovag" {+Inv rN++ rCorr
                  | Dex-3 Stlth-} (You found it on level 4 of the Dungeon)
  3015 | D:4      | Noticed Duvessa
  3020 | D:4      | Noticed Dowan
  3223 | D:4      | Found a shadowy altar of Dithmenos.
  3223 | D:4      | Noticed Edmund
  3249 | D:4      | Killed Edmund
  3250 | D:4      | Reached XP level 6. HP: 36/52 MP: 5/5
  3465 | D:4      | HP: 2/52 [Dowan/+0 club (1)]
  3466 | D:4      | Killed from afar by Dowan

Illustrated notes

Levels and vault maps discovered:
D:1:      dpeg_arrival_central, layout_basic, minmay_tetromino_o2
D:2:      layout_loops_ring, lemuel_doored_altar,
          chequers_ecumenical_altar_island
D:3:      wander_river, layout_loops_cross, nicolae_tso_swordbearing_angel,
          uniq_terence
D:4:      cheibrodos_greedy_goblins, layout_cave_pools,
          grunt_dithmenos_smoke_and_mirrors, uniq_edmund, uniq_duvessa

Skill      XL: |  1  2  3  4  5 |
---------------+----------------+-----
Maces & Flails | 3 4 |  4.0
Armour         | 1 2 |  2.7
Dodging        | 3 4 |  4.0
Fighting       | 3 4 |  4.1
Throwing       | |  1.7

Action                   |  1- 3 |  4- 6 || total
-------------------------+-------+-------++-------
Melee: Flail             |   116 |   174 ||   290
  Use: Scroll            |       |     6 ||     6
       Potion            |       |     4 ||     4
Armor: Leather armour    |    35 |    69 ||   104
       Scale mail        |       |    56 ||    56
Dodge: Dodged            |    85 |   157 ||   242
